 Dungeon Crawl Stone Soup version 0.28-a0-43-g560ac104fe (webtiles) character file.

Game seed: 9705934852696835713

85 Conn the Firebug (level 4, -3/40 HPs)
             Began as an Octopode Fire Elementalist on July 28, 2021.
             Succumbed to a scorpion's poison
             ... on level 4 of the Dungeon.
             The game lasted 00:03:02 (2377 turns).

Conn the Firebug (Octopode Fire Elementalist)       Turns: 2377, Time: 00:03:02

Health: -3/40      AC: 22    Str:  7    XL:     4   Next: 48%
Magic:  0/8        EV:  2    Int: 18    God:
Gold:   130        SH:  0    Dex: 12    Spells: 4/8 levels left

rFire   . . .      SeeInvis .   d - +0 mace (vorpal)
rCold   . . .      Faith    .   (no shield)
rNeg    + + +      Spirit   +   (helmet currently unavailable)
rPois   +          Reflect  .   e - amulet of guardian spirit
rElec   .          Harm     .   (no ring)
rCorr   .          Rampage  .   (no ring)
Will    .....      NoTele   +   (no ring)
Stlth   ++........              (no ring)
HPRegen 0.13/turn               (no ring)
MPRegen 0.11/turn               (no ring)
                                (no ring)
                                (no ring)

@: lethally poisoned (-3 -> -24), tree-form
A: stationary, stasis, torment immunity, boosted hp, almost no armour,
(amphibious), 8 rings, (camouflage 1), (gelatinous body 1), (nimble swimmer 1),
(tentacles)
a: no special abilities


You were on level 4 of the Dungeon.
You were a tree.
You visited 1 branch of the dungeon, and saw 4 of its levels.

You collected 130 gold pieces.

Inventory:

Hand Weapons
 d - a +0 vorpal mace (weapon)
Missiles
 i - 7 boomerangs of dispersal (quivered)
Jewellery
 e - an amulet of guardian spirit (around neck)
 g - a ring of ice
 n - an amulet of faith
Scrolls
 a - 2 scrolls of magic mapping {unknown}
 h - a scroll of vulnerability {unknown}
 j - a scroll of identify {unknown}
 k - a scroll of enchant armour {unknown}
 l - 2 scrolls of enchant weapon {unknown}
 m - a scroll of teleportation {unknown}
 o - a scroll of fear {unknown}
Potions
 c - 2 potions of magic
 f - a potion of heal wounds


   Skills:
 + Level 0.9 Fighting
 + Level 2.1 Dodging
 + Level 3.2 Stealth
 + Level 2.8 Spellcasting
 + Level 1.6 Conjurations
 + Level 3.8 Fire Magic


You had 4 spell levels left.
You knew the following spells:

 Your Spells              Type           Power      Damage    Failure   Level
a - Foxfire               Conj/Fire      48%        2x1d6     5%          1
b - Conjure Flame         Conj/Fire      12%        6-21      16%         3

Your spell library contained the following spells:

 Spells                   Type           Power      Damage    Failure   Level
 Inner Flame              Hex/Fire       9%         N/A       22%         3
 Sticky Flame             Conj/Fire      12%        2d4       47%         4
 Leda's Liquefaction      Hex/Erth       1%         N/A       86%         4
 Fireball                 Conj/Fire      6%         3d5       83%         5
 Bolt of Magma            Conj/Fire/Erth 4%         4d5       91%         5
 Statue Form              Tmut/Erth      1%         N/A       100%        6


Dungeon Overview and Level Annotations

Branches:
Dungeon (4/15)
 Temple: D:4-7

Altars:

Annotations:
D:3 Grinder


Innate Abilities, Weirdness & Mutations

You are a tree.
Your roots penetrate the ground, keeping you stationary.
You cannot be teleported.
You are immune to unholy pain and torment.
Your maximum health is greatly increased.
You cannot wear most types of armour.
((You are amphibious.))
You can wear up to eight rings at the same time.
((Your skin changes colour to match your surroundings (Stealth+).))
((Your rubbery body absorbs attacks. (AC +1, EV +1)))
((You are camouflaged near water. (Stealth+)))
((You have tentacles for arms and can constrict up to eight enemies at once.))


Message History

Casting: Foxfire (safe; 5% risk of failure)
Confirm with . or Enter, or press ? or * to list all spells.
You conjure some foxfire!
You constrict the scorpion, but do no damage.
You feel sick. The scorpion misses you. The scorpion stings you.
You constrict the scorpion, but do no damage.
You feel sick.
The foxfire hits the scorpion.
The scorpion is heavily wounded.
The foxfire hits the scorpion but does no damage.
The scorpion is heavily wounded.
The scorpion stings you.
You are more poisoned.
The scorpion poisons you!
Casting: Foxfire (safe; 5% risk of failure)
Confirm with . or Enter, or press ? or * to list all spells.
You conjure some foxfire!
You constrict the scorpion, but do no damage.
You feel very sick. The scorpion stings you.
You constrict the scorpion.
* * * LOW HITPOINT WARNING * * *
You feel sick.
The foxfire hits the scorpion.
The scorpion is severely wounded.
The foxfire hits the scorpion but does no damage.
The scorpion is severely wounded.
The scorpion closely misses you.
Really quaff the potion of lignification?
You turn into a tree.
Your roots penetrate the ground.
You lose your grip on the scorpion.
You feel sick. The scorpion barely misses you.
Unknown command.
Casting: Foxfire (safe; 5% risk of failure)
Confirm with . or Enter, or press ? or * to list all spells.
You conjure some foxfire!
You feel sick. The scorpion stings you!
* * * LOW HITPOINT WARNING * * *
The scorpion stings you.
* * * LOW HITPOINT WARNING * * *
You are more poisoned.
The scorpion poisons you!
You die...

#..# #..# . #..#
.. #..# ... #..##
.... #...# .....
#...#
....$$#######...#
......s♣........#
......vv........#
##...###.........#
### ######.....#
###....# #....#
#...# #...


You could see a scorpion (ally target).

Vanquished Creatures
  A bullfrog skeleton (D:4)
  2 adders (D:3)
  4 bats
  3 endoplasms
  A giant cockroach (D:2)
  6 goblins
  6 hobgoblins
  3 quokkas
  6 ball pythons
  2 frilled lizards (D:1)
  A kobold (D:2)
  2 rats
37 creatures vanquished.

Vanquished Creatures (others)
  117 foxfires
117 creatures vanquished.

Grand Total: 154 creatures vanquished

Notes
Turn   | Place    | Note
-------+----------+-------------------------------------------
     0 | D:1      | Conn the Octopode Fire Elementalist began the quest for the
                  | Orb.
     0 | D:1      | Reached XP level 1. HP: 11/11 MP: 3/3
   405 | D:1      | Reached XP level 2. HP: 17/17 MP: 0/5
  1288 | D:2      | Reached XP level 3. HP: 16/21 MP: 0/6
  2114 | D:3      | Noticed Grinder
  2122 | D:3      | Learned a level 3 spell: Conjure Flame
  2230 | D:4      | Reached XP level 4. HP: 26/27 MP: 2/8
  2365 | D:4      | Noticed a scorpion
  2376 | D:4      | HP: 2/40 [scorpion (6)]
  2377 | D:4      | Succumbed to a scorpion's poison

Illustrated notes

Levels and vault maps discovered:
D:1:      dpeg_arrival_arbitrary_a, layout_basic
D:2:      layout_rooms, minmay_misc_feat_roman
D:3:      layout_loops_cross, uniq_grinder
D:4:      layout_cave_pods, nicolae_yredelemnul_corpse_copse,
          small_statue_intersection

Skill      XL: |  1  2 |
---------------+-------+-----
Stealth        | 3 |  3.2
Fighting       | |  0.9
Dodging        | |  2.1
Spellcasting   | |  2.8
Conjurations   | |  1.6
Fire Magic     | |  3.8

Action                   |  1- 3 |  4- 6 || total
-------------------------+-------+-------++-------
Melee: Unarmed           |     2 |       ||     2
       Constrict         |     4 |     1 ||     5
       Mace              |     9 |     1 ||    10
       Tentacles         |     2 |     1 ||     3
 Cast: Foxfire           |    55 |     9 ||    64
  Use: Potion            |     4 |     2 ||     6
 Stab: Sleeping          |     1 |       ||     1
       Distracted        |       |     1 ||     1
Armor: Skin              |     1 |       ||     1
Dodge: Dodged            |    15 |     5 ||    20

Table legend: (Time is in decaauts)
 A = Elapsed time spent in this place.
 B = Non-inter-level travel time spent in this place.
 C = Inter-level travel time spent in this place.
 D = Time resting spent in this place.
 E = Time spent auto-exploring this place.
 F = Levels seen in this place.
 G = Mean time per level.
                   A        B        C        D        E       F      G
               +--------+--------+--------+--------+--------+-----+--------+
         Total |   2379 |   2323 |     56 |     41 |   1898 |   4 |  594.8 |
       Dungeon |   2379 |   2323 |     56 |     41 |   1898 |   4 |  594.8 |
               +--------+--------+--------+--------+--------+-----+--------+

Top non-repeatable levels by time:
     D:2: 794 daAuts
     D:1: 785 daAuts
     D:3: 616 daAuts
     D:4: 182 daAuts
